Map: Tours du crépuscule

Players

zidar - Winner!

  • Race: Zerg Zerg
  • League: Silver
  • Spawn Location: 1:00

Xanchel

  • Race: Zerg Zerg
  • League: Silver
  • Spawn Location: 7:00

VOD

Have the link to the VOD?

Description

Time

  • Played on: Jan. 17, 2016, 10:12 a.m.
  • Length: 4:34
Show
View Real Time Build Order
Export as new Build Order

zidar Zerg - Winner!

Build Orders: 1 Base Baneling Bust, Pool Only 

Get SALT Encoding   

  12  0:01  Drone  
  13  0:13  Overlord  
  13  0:17  Drone  
  14  0:21  Extractor  
  13  0:39  Spawning Pool  
  12  0:45  Drone  
  12  0:47  Drone  
  14  0:53  Drone  
  15  1:04  Overlord  
  15  1:27  Queen  
  15  1:29  Metabolic Boost  
  15  1:32  Zergling x2  
  18  1:34  Zergling x2  
  18  1:38  Zergling x2  
  20  1:58  Zergling x2  
  20  2:01  Zergling x2  
  22  2:12  Baneling Nest  
  21  2:29  Zergling x6  
  24  2:41  Zergling x2  
  24  2:42  Zergling x4  
  27  2:46  Zergling x2  
  28  2:56  Zergling x2  
  26  3:15  Zergling x6  
  26  3:16  Zergling x2  
  28  3:52  Zergling x2  
  28  3:53  Zergling x4  
Show
View Real Time Build Order
Export as new Build Order

Xanchel Zerg 

Build Orders: Pool First 

Get SALT Encoding   

  12  0:02  Drone  
  13  0:08  Drone  
  14  0:27  Spawning Pool  
  13  0:33  Overlord  
  13  0:38  Drone  
  14  0:55  Drone  
  14  0:56  Drone  
  16  1:08  Drone x2  
  18  1:24  Hatchery  
  17  1:33  Spine Crawler, Zergling x2  
  17  1:42  Zergling x4  
  19  2:10  Zergling x4  
  19  2:14  Spine Crawler  
  21  2:22  Zergling x2  
  21  2:23  Zergling x2  
  22  2:33  Overlord  
  22  2:35  Queen  
  24  2:40  Extractor  
  24  2:43  Zergling x2  
  24  2:44  Evolution Chamber, Zergling x2  
  24  2:52  Zergling x2  
  23  3:01  Drone x2  
  22  3:09  Zergling x4  
  22  3:15  Queen  
  24  3:25  Zergling x4  
  23  3:30  Zergling x2  
  23  3:31  Zergling x2  
  22  3:41  Zergling x4  
  8  3:50  Zergling x4  
Tags
 
Add a new tag
Caveats
  • Supply blocks, unpowered buildings, or Contaminate may cause inaccurate times.
  • Supply counts are checked every 10 seconds.